 Dungeon Crawl Stone Soup version 0.20.1-1-g8b1a95d (webtiles) character file.

467 Moto the Thaumaturge (level 6, 0/48 HPs)
             Began as a Deep Elf Wizard on Nov 2, 2017.
             Succumbed to a scorpion's poison
             ... on level 4 of the Dungeon.
             The game lasted 00:31:56 (6092 turns).

Moto the Thaumaturge (Deep Elf Wizard)              Turns: 6092, Time: 00:31:57

Health: 0/48       AC:  4    Str:  9    XL:     6   Next: 81%
Magic:  8/19       EV: 13    Int: 25    God:
Gold:   155        SH:  0    Dex: 13    Spells: 12/21 levels left

rFire    + . .     SeeInvis .   p - +1 falchion (venom)
rCold    + . .     Gourm    .   (no shield)
rNeg     . . .     Faith    .   o - +0 robe (curse)
rPois    +         Spirit   +   h - +0 helmet (curse)
rElec    +         Reflect  .   d - +0 cloak
rCorr    +         Harm     .   (no gloves)
MR       .....                  (no boots)
Stlth    ..........             f - amulet of guardian spirit
Regen    0.2/turn               e - ring of flight
MPRegen  0.2/turn               s - ring of resist corrosion

@: berserking (expiring), lethally poisoned (0 -> -8), resistant, very quick
A: no striking features
a: Evoke Flight


You were on level 4 of the Dungeon.
You were not hungry.

You visited 1 branch of the dungeon, and saw 4 of its levels.

You collected 155 gold pieces.

Inventory:

Hand Weapons
 p - a +1 falchion of venom (weapon)
Armour
 a - a +0 robe
 b - a +0 hat
 d - a +0 cloak (worn)
 h - a cursed +0 helmet (worn)
 m - a +1 hat
 o - a cursed +0 robe (worn)
Jewellery
 e - a ring of flight (left hand)
 f - an amulet of guardian spirit (around neck)
 g - an uncursed amulet of magic regeneration
 s - a ring of resist corrosion (right hand)
Scrolls
 l - a scroll of teleportation
Potions
 k - 2 potions of resistance
 r - a potion of flight
Books
 c - a book of Minor Magic

   Spells                             Type                      Level
   a - Magic Dart                     Conjuration                  1
   b - Blink                          Translocation                2
   c - Call Imp                       Summoning                    2
   d - Slow                           Hexes                        2
   e - Conjure Flame                  Conjuration/Fire             3
   f - Mephitic Cloud                 Conjuration/Poison/Air       3
 n - a book of Misfortune

   Spells                             Type                      Level
   a - Confusing Touch                Hexes                        1
   b - Confuse                        Hexes                        3
   c - Gell's Gravitas                Translocation                3
   d - Petrify                        Transmutation/Earth          4
   e - Metabolic Englaciation         Hexes/Ice                    5
   f - Yara's Violent Unravelling     Hexes/Transmutation          5
Comestibles
 q - 2 bread rations


   Skills:
 + Level 0.5 Long Blades
 + Level 3.4 Dodging
 + Level 3.4 Stealth
 + Level 8.2 Spellcasting
 + Level 3.8 Conjurations
   Level 1.1 Summonings
 + Level 1.4 Translocations
 + Level 0.2 Fire Magic
 + Level 0.2 Air Magic
 + Level 0.2 Poison Magic


You had 12 spell levels left.
You knew the following spells:

 Your Spells              Type           Power        Failure   Level  Hunger
a - Magic Dart            Conj           ####         1%          1    None
b - Conjure Flame         Conj/Fire      ###.....     8%          3    None
c - Mephitic Cloud        Conj/Pois/Air  ###.....     10%         3    None
d - Blink                 Tloc           N/A          4%          2    None


Dungeon Overview and Level Annotations

Branches:
Dungeon (4/15)
 Temple: D:4-7

Altars:
Cheibriados
Fedhas
Gozag
Makhleb
Yredelemnul

Shops:
D:2 *


Message History

* * * LOW HITPOINT WARNING * * *
You feel sick.
* * * LOW HITPOINT WARNING * * *
You feel sick.
As you read the scroll labeled XUKHLY ZAPYXOC, it crumbles to dust.
It is a scroll of amnesia.
Forget which spell ([?*] list [ESC] exit)?
Forget which spell ([?*] list [ESC] exit)?
Forget which spell ([?*] list [ESC] exit)?
Okay, then.
* * * LOW HITPOINT WARNING * * *
You feel sick.
A red film seems to cover your vision as you go berserk!
You feel yourself moving faster!
You feel mighty!
* * * LOW HITPOINT WARNING * * *
You feel sick.
You feel a strong urge to attack something.
* * * LOW HITPOINT WARNING * * *
You feel sick.
You die...

. #. ##. ###+## .#...
#.... .....### #.#.# #
.......######.#.####.###
#†.@...............
#$.#####.....##.## #..#
#......# #......#
#....#.#.# ........#
#........# #######.#
#.#.###### #.. ...#.#
### #####.# #.#


There were no monsters in sight!

Vanquished Creatures
  2 scorpions (D:4)
  A howler monkey (D:4)
  2 orc priests (D:4)
  2 hounds (D:4)
  A worker ant (D:4)
  Robin (D:2)
  6 adders
  A worm (D:2)
  6 leopard geckos
  8 orcs
  9 giant cockroaches
  26 goblins
  12 hobgoblins
  6 kobolds
  2 quokkas
  A ball python (D:3)
  6 bats
  3 frilled lizards
  A leopard gecko skeleton (D:4)
  11 rats
107 creatures vanquished.

Notes
Turn   | Place    | Note
-------+----------+-------------------------------------------
     0 | D:1      | Moto the Deep Elf Wizard began the quest for the Orb.
     0 | D:1      | Reached XP level 1. HP: 10/10 MP: 7/7
   564 | D:1      | Reached skill level 5 in Spellcasting
   604 | D:1      | Reached XP level 2. HP: 15/15 MP: 8/10
  1508 | D:1      | Reached XP level 3. HP: 18/19 MP: 5/11
  2737 | D:2      | Reached skill level 6 in Spellcasting
  2757 | D:2      | Reached XP level 4. HP: 24/24 MP: 9/14
  2788 | D:2      | Noticed Robin
  2982 | D:2      | Killed Robin
  3826 | D:2      | Learned a level 3 spell: Conjure Flame
  3873 | D:2      | Found a blossoming altar of Fedhas.
  3933 | D:2      | Learned a level 3 spell: Mephitic Cloud
  4144 | D:2      | Found an opulent altar of Gozag.
  4149 | D:2      | Found Gozag's Platinum Reserve.
  4240 | D:2      | Found a snail-covered altar of Cheibriados.
  4305 | D:2      | Learned a level 2 spell: Blink
  4353 | D:2      | Reached XP level 5. HP: 28/28 MP: 8/16
  4602 | D:3      | Found a basalt altar of Yredelemnul.
  4602 | D:3      | Found a burning altar of Makhleb.
  5306 | D:4      | Reached skill level 7 in Spellcasting
  5653 | D:4      | Reached XP level 6. HP: 29/32 MP: 9/18
  6080 | D:4      | Reached skill level 8 in Spellcasting
  6090 | D:4      | HP: 2/48 [poisoned by a scorpion]
  6092 | D:4      | Succumbed to a scorpion's poison

Skill      XL: |  1  2  3  4  5  6 |
---------------+-------------------+-----
Spellcasting   | 5 6 7 8 |  8.2
Dodging        | 3 |  3.4
Conjurations   | 2 3 |  3.8
Stealth        | 3 |  3.4
Long Blades    | |  0.5
Summonings     | |  1.1
Translocations | |  1.4
Fire Magic     | |  0.2
Air Magic      | |  0.2
Poison Magic   | |  0.2

Action                   |  1- 3 |  4- 6 || total
-------------------------+-------+-------++-------
Melee: Dagger            |    22 |     2 ||    24
       Hand axe          |       |    12 ||    12
 Cast: Magic Dart        |    98 |   189 ||   287
       Conjure Flame     |       |     3 ||     3
       Blink             |       |     2 ||     2
       Mephitic Cloud    |       |     1 ||     1
  Use: Scroll            |     3 |     4 ||     7
       Potion            |     2 |     6 ||     8
  Eat: Bread ration      |     1 |     1 ||     2
       Chunk             |       |     3 ||     3
       Meat ration       |       |     1 ||     1
Armor: Robe              |    12 |    17 ||    29
Dodge: Dodged            |    35 |    47 ||    82
       Rpst.: Falchion   |       |     8 ||     8
